AoeStats
← INK | Lactato

Arena

509989068Analyzed
4v4 RM · 3d ago on Sep 28, 2026· 40m 3s· 8 players
Game mode
Random Map
Map size
Large (8 player)
Population
200
Speed
Normal
Resources
Standard
Victory
Conquest
Starting age
Dark Age
Ending age
Imperial Age
RankedLock teamsTeams togetherTeam positionsShared explorationLock speedFull tech treeHidden civsTurbo modeCheats
Victory
Defeat
🇦🇷 Slavs · Argentina
1406
+15
🇨🇳 Cumans · China
1374
+16
🇲🇽 Mongols · Mexico
1310
+19
🇨🇴 Turks · Colombia
1309
+19
🇦🇷 Malay · Argentina
1466
-20
🇺🇾 Cumans · Uruguay
1412
-19
🇦🇷 Poles · Argentina
1409
-19
🇨🇴 Italians · Colombia
1222
-11
SantiGz
10:30 Feudal Age
14:19 Castle Age
19:49 Imperial Age
38:05 Padded Archer Armor
38:31 Horse Collar
39:47 Double-Bit Axe
neto_leo15
0:28 Loom
12:20 Feudal Age
17:44 Castle Age
17:07 Stone Mining
17:04 Double-Bit Axe
23:54 Fletching
29:13 Fortified Wall
32:07 Horse Collar
32:39 Bow Saw
木薯大王
8:36 Feudal Age
9:14 Double-Bit Axe
9:54 Horse Collar
20:04 Castle Age
17:57 Gold Mining
19:01 Wheelbarrow
19:22 Scale Barding Armor
19:28 Forging
21:07 Bow Saw
21:36 Iron Casting
21:22 Chain Barding Armor
21:16 Bloodlines
27:03 Gold Shaft Mining
29:53 Hand Cart
30:02 Heavy Plow
29:57 Loom
33:46 Imperial Age
33:15 Stone Mining
34:56 Cavalier
36:16 Plate Barding Armor
36:42 Blast Furnace
37:10 Two-Man Saw
36:29 Paladin
PIPA
10:57 Feudal Age
9:53 Loom
11:37 Double-Bit Axe
11:44 Loom
14:36 Castle Age
15:41 Bow Saw
17:20 Wheelbarrow
21:54 Horse Collar
24:02 Gold Mining
24:21 Heavy Plow
27:55 Imperial Age
26:13 Town Watch
26:44 Hand Cart
26:43 Scale Mail Armor
26:54 Forging
26:40 Pikeman
27:21 Squires
27:48 Chain Mail Armor
28:01 Halberdier
30:15 Chemistry
30:22 Conscription
31:15 Druzhina
32:24 Plate Mail Armor
32:30 Iron Casting
32:02 Heavy Scorpion
33:20 Ballistics
35:04 Capped Ram
38:33 Siege Ram
INK | Papa pitufo
10:08 Feudal Age
14:01 Castle Age
11:55 Loom
17:24 Horse Collar
17:51 Double-Bit Axe
23:53 Imperial Age
22:37 Scale Mail Armor
INK | Moqui
5:20 Loom
11:57 Feudal Age
14:53 Castle Age
13:58 Double-Bit Axe
19:11 Fletching
22:52 Horse Collar
25:26 Gold Mining
25:50 Bow Saw
28:57 Imperial Age
26:39 Heavy Plow
27:41 Forging
28:30 Gold Shaft Mining
29:19 Wheelbarrow
30:23 Bodkin Arrow
30:37 Town Watch
31:40 Iron Casting
33:22 Blast Furnace
32:55 Crop Rotation
32:58 Squires
34:30 Conscription
34:54 Conscription
34:30 Elite Karambit Warrior
34:56 Man-at-Arms
38:25 Bracer
38:32 Long Swordsman
40:40 Chemistry
INK | La Bestia
8:35 Feudal Age
10:07 Double-Bit Axe
10:06 Horse Collar
20:03 Castle Age
17:54 Loom
20:04 Scale Barding Armor
20:09 Forging
20:14 Gold Mining
21:02 Wheelbarrow
20:17 Capped Ram
21:30 Bow Saw
22:26 Chain Barding Armor
31:54 Imperial Age
30:16 Iron Casting
31:59 Bloodlines
32:29 Cavalier
33:50 Plate Barding Armor
INK | Lactato
10:09 Feudal Age
15:24 Castle Age
13:14 Horse Collar
15:05 Double-Bit Axe
16:06 Heavy Plow
16:54 Bow Saw
17:18 Loom
21:28 Szlachta Privileges
22:29 Wheelbarrow
22:37 Scale Barding Armor
24:58 Chain Barding Armor
25:37 Forging
26:38 Bloodlines
29:27 Fletching
35:08 Iron Casting
Connection lost

Rejoining the realm…

Still unreachable

The connection could not be restored.

Session expired

The server has moved on; the page needs a fresh start.